 Dungeon Crawl Stone Soup version 0.30-a0-652-gcc886f7154 (webtiles) character file.

Game seed: 12142628430995854543

8444 greasedhog the Grappler (level 11, -16/109 HPs)
             Began as a Troll Fighter on Jan 18, 2023.
             Was a Priest of Wu Jian.
             Demolished by an ettin (glowing shapeshifter) (27 damage)
             ... on level 1 of the Abyss.
             The game lasted 00:10:50 (8159 turns).

greasedhog the Grappler (Troll Fighter)             Turns: 8159, Time: 00:10:51

Health: -16/109    AC:  7    Str: 26    XL:     11   Next: 10%
Magic:  10/10      EV: 14    Int:  8    God:    Wu Jian [***...]
Gold:   472        SH:  9    Dex:  9    Spells: 10/10 levels left

rFire   . . .      SeeInvis .      - Unarmed
rCold   . . .      Faith    .    b - +0 kite shield
rNeg    . . .      Spirit   .    H - +0 troll leather armour
rPois   .          Reflect  .    (helmet restricted)
rElec   .          Harm     .    a - +0 cloak
rCorr   .          Rampage  .    (gloves unavailable)
Will    +....                    (boots unavailable)
Stlth   +                        (no amulet)
HPRegen 1.98/turn                C - ring of willpower
MPRegen 0.12/turn                i - +5 ring of evasion

@: no status effects
A: large, unfitting armour, claws 3, regeneration 1, shaggy fur 1, tough skin 1
a: Renounce Religion, Wall Jump, Serpent's Lash


You were on level 1 of the Abyss.
You worshipped Wu Jian.
Wu Jian was most pleased with you.
You visited 2 branches of the dungeon, and saw 10 of its levels.
You visited the Abyss 1 time.
You also visited: Ossuary.

You collected 524 gold pieces.
You spent 52 gold pieces at shops.

Inventory:

Missiles
 G - 2 curare-tipped darts (quivered)
Armour
 a - a +0 cloak (worn)
 b - a +0 kite shield (worn)
 H - a +0 troll leather armour (worn)
Jewellery
 i - a +5 ring of evasion (right claw)
 m - a +4 ring of protection
 C - a ring of willpower (left claw)
Wands
 o - a wand of roots (7)
 r - a wand of charming (19)
 x - a wand of quicksilver (8)
 y - a wand of flame (16)
Scrolls
 e - 4 scrolls of blinking
 g - 3 scrolls of poison
 h - a scroll of fear
 t - 6 scrolls of teleportation
 u - 3 scrolls of magic mapping {unknown}
 v - a scroll of brand weapon {unknown}
 w - 3 scrolls of amnesia
 z - 2 scrolls of enchant armour {unknown}
 D - a scroll of immolation {unknown}
 E - a scroll of identify
 F - a scroll of fog {unknown}
Potions
 c - 2 potions of might
 d - 3 potions of curing
 f - 2 potions of haste
 j - a potion of lignification {unknown}
 k - 3 potions of heal wounds
 l - 3 potions of berserk rage {unknown}
 n - 2 potions of mutation {unknown}
 p - a potion of ambrosia {unknown}
 q - 3 potions of degeneration {unknown}
 s - a potion of cancellation {unknown}
 A - 2 potions of attraction {unknown}
 B - 2 potions of flight {unknown}


   Skills:
 + Level 7.3 Fighting
 + Level 5.3 Dodging
 + Level 8.0 Shields
 * Level 11.7 Unarmed Combat


You had 10 spell levels left.
You didn't know any spells.
Your spell library contained the following spells:

 Spells                   Type           Power      Damage    Failure   Level
 Slow                     Hex            0%         N/A       69%         1
 Call Canine Familiar     Summ           0%         N/A       96%         3
 Confusing Touch          Hex            0%         N/A       96%         3
 Ignite Poison            Fire/Tmut/Pois 0%         N/A       96%         3
 Kindle Blastsparks       Fire/Tloc/Air  0%         2d10      96%         3
 Portal Projectile        Hex/Tloc       0%         N/A       96%         3
 Summon Guardian Golem    Hex/Summ       0%         N/A       96%         3
 Vampiric Draining        Necr           0%         2d6       96%         3
 Animate Dead             Necr           0%         N/A       100%        4
 Leda's Liquefaction      Hex/Erth       0%         N/A       100%        4
 Freezing Cloud           Conj/Ice/Air   0%         6-21      100%        5
 Haunt                    Necr/Summ      0%         N/A       100%        7
 Orb of Destruction       Conj           0%         9d5       100%        7
 Spellforged Servitor     Conj/Summ      0%         N/A       100%        7
 Infestation              Necr           0%         N/A       100%        8


Dungeon Overview and Level Annotations

Branches:
Dungeon (9/15)             Temple (1/1) D:6            Lair (0/5) D:9
Ossuary (visited)
    Orc: D:9-12

Altars:
Ashenzari
Cheibriados
Dithmenos
Elyvilon
Fedhas
Gozag
Hepliaklqana
Kikubaaqudgha
Makhleb
Nemelex Xobeh
Okawaru
Qazlal
Ru
Sif Muna
Trog
Uskayaw
Vehumet
Wu Jian
Yredelemnul
Zin
The Shining One

Shops:
D:3 *   D:5 =


Innate Abilities, Weirdness & Mutations

You are too large for most types of armour.
You have claws for hands.
Your natural rate of healing is unusually fast.
You are covered in fur. (AC +1)
You have tough skin. (AC +1)


Message History

The wolf spider is moderately wounded.
The wolf spider changes into a goliath frog!
A bone dragon comes into view.
You scratch the goliath frog.
The goliath frog is lightly wounded.
The goliath frog changes into an ettin!
You scratch the ettin.
The ettin is lightly wounded.
You scratch the ettin but do no damage.
The ettin is lightly wounded.
The ettin hits you! The ettin hits you!!
You scratch the ettin.
The ettin is lightly wounded.
The ettin barely misses you. You block the ettin's attack.
You completely miss the ettin.
The ettin is lightly wounded.
You block the ettin's attack. x2
You claw the ettin!
The ettin is moderately wounded.
The ettin hits you!!
* * * LOW HITPOINT WARNING * * *
You block the ettin's attack.
You claw the ettin!
The ettin is moderately wounded.
You block the ettin's attack. The ettin hits you.
* * * LOW HITPOINT WARNING * * *
You scratch the ettin but do no damage.
The ettin is moderately wounded.
The ettin hits you!
* * * LOW HITPOINT WARNING * * *
You block the ettin's attack.
You scratch the ettin.
The ettin is heavily wounded.
You claw the ettin!
The ettin is heavily wounded.
The ettin misses you. You block the ettin's attack.
You scratch the ettin.
The ettin is severely wounded.
The ettin hits you!!
You die...

.. .. ..# .
. . #.. #.
#.. # . #
..#.# #.
...#.
#.####X....#
#..#CD#. ยง.
## #@##.#
#.###.
###..X... .#
#.
#.##.#..#.#
. # ##.# #.#
# #..# . # .
##.... # .#
.#.. #


You could see a bone dragon, an ettin shaped shifter and a large abomination.

Vanquished Creatures
  Erica (D:9)
  A wolf spider zombie (D:9)
  A cyclops (D:8)
  Joseph (D:7)
  Psyche (D:8)
  A redback zombie (D:9)
  2 hellwings
  A troll (D:9)
  Grinder (D:5)
  A meliai zombie (D:9)
  A wyvern (D:8)
  A wraith (D:8)
  5 yaks (D:8)
  2 steam dragons
  2 water moccasins
  An orc warrior (D:9)
  2 sky beasts
  An ice beast (D:6)
  2 phantoms (D:4)
  2 kobold brigands (D:8)
  2 elf zombies (Ossuary)
  Blork the orc (D:5)
  4 bullfrogs
  2 gnoll sergeants (D:8)
  3 necrophages
  8 wights
  A water moccasin skeleton (D:4)
  A howler monkey (D:8)
  4 centaur zombies
  A human zombie (Ossuary)
  A jelly (D:8)
  5 hounds
  6 orc priests
  4 iguanas
  A boggart zombie (D:9)
  5 orc wizards
  A boggart skeleton (D:9)
  2 hound zombies (Ossuary)
  Robin (D:3)
  4 mummies
  10 gnolls
  7 adders
  7 shadow imps
  A white imp (D:8)
  An ufetubus (D:4)
  5 adder zombies
  3 dart slugs
  28 orcs
  6 ball pythons
  5 bats
  7 endoplasms
  A giant cockroach (D:3)
  A gnoll zombie (Ossuary)
  11 goblins
  12 hobgoblins
  9 jackals
  15 kobolds
  4 quokkas
  3 frilled lizards
  2 goblin zombies (Ossuary)
  7 hobgoblin zombies (Ossuary)
  A jackal zombie (Ossuary)
  3 kobold zombies (Ossuary)
  An orc zombie (Ossuary)
  4 quokka zombies (Ossuary)
  A rat (D:3)
  4 rat zombies (Ossuary)
246 creatures vanquished.

Vanquished Creatures (others)
  14 withered plants (D:9)
14 creatures vanquished.

Grand Total: 260 creatures vanquished

Notes
Turn   | Place    | Note
-------+----------+-------------------------------------------
     0 | D:1      | greasedhog the Troll Fighter began the quest for the Orb.
     0 | D:1      | Reached XP level 1. HP: 22/22 MP: 0/0
   116 | D:1      | Reached XP level 2. HP: 27/29 MP: 1/1
   938 | D:2      | Reached XP level 3. HP: 36/36 MP: 2/2
  1723 | D:2      | Reached skill level 3 in Unarmed Combat
  2025 | D:3      | Reached XP level 4. HP: 43/44 MP: 3/3
  2156 | D:3      | Found Icvuulot's General Store.
  2164 | D:3      | Bought a scroll of fear for 52 gold pieces
  2229 | D:3      | Noticed Robin
  2256 | D:3      | Killed Robin
  2257 | D:3      | Reached skill level 4 in Unarmed Combat
  2257 | D:3      | Reached XP level 5. HP: 53/53 MP: 4/4
  2417 | D:3      | Found a white marble altar of Elyvilon.
  3146 | D:4      | Found a sand-covered staircase.
  3155 | Ossuary  | Entered an ossuary
  3202 | Ossuary  | Reached XP level 6. HP: 58/61 MP: 5/5
  3207 | Ossuary  | Reached skill level 5 in Unarmed Combat
  3356 | Ossuary  | Reached XP level 7. HP: 68/68 MP: 6/6
  3574 | D:4      | Reached skill level 6 in Unarmed Combat
  4210 | D:5      | Entered Level 5 of the Dungeon
  4236 | D:5      | Noticed Blork the orc
  4248 | D:5      | Killed Blork the orc
  4290 | D:5      | Noticed Grinder
  4324 | D:4      | Reached skill level 5 in Shields
  4436 | D:5      | Found Lauxtypra's Jewellery Shoppe.
  4455 | D:5      | Reached XP level 8. HP: 69/79 MP: 7/7
  4459 | D:5      | Paralysed by Grinder for 5 turns
  4469 | D:5      | Killed Grinder
  4470 | D:5      | Reached skill level 7 in Unarmed Combat
  4582 | D:5      | Reached skill level 5 in Fighting
  4599 | D:5      | Reached skill level 8 in Unarmed Combat
  5162 | D:6      | Found a staircase to the Ecumenical Temple.
  5192 | Temple   | Entered the Ecumenical Temple
  5340 | Temple   | Became a worshipper of the Wu Jian Council
  5861 | D:7      | Reached XP level 9. HP: 74/88 MP: 8/8
  5922 | D:7      | Found a radiant altar of Vehumet.
  5968 | D:7      | Noticed Joseph
  5990 | D:7      | Killed Joseph
  5991 | D:7      | Reached skill level 9 in Unarmed Combat
  6198 | D:7      | Reached * piety under Wu Jian
  6799 | D:8      | Noticed a cyclops
  6799 | D:8      | Noticed Psyche
  6811 | D:8      | Killed Psyche
  6823 | D:8      | Killed a cyclops
  6824 | D:8      | Reached skill level 10 in Unarmed Combat
  6827 | D:8      | Reached XP level 10. HP: 92/100 MP: 9/9
  6931 | D:8      | Reached ** piety under Wu Jian
  7188 | D:8      | Identified the +5 hand axe "Peixkopo" {drain, Will- Str+6
                  | Int+3}
  7394 | D:8      | Found a sacrificial altar of Ru.
  7567 | D:9      | Noticed Erica
  7574 | D:9      | Killed Erica
  7575 | D:9      | Reached skill level 11 in Unarmed Combat
  7575 | D:9      | Found a staircase to the Lair.
  7712 | D:9      | Reached skill level 5 in Dodging
  7842 | D:9      | Reached XP level 11. HP: 63/109 MP: 10/10
  8048 | D:9      | Reached *** piety under Wu Jian
  8052 | Abyss:1  | Cast into level 1 of the Abyss (orc warrior)
  8061 | Abyss:1  | Found a corrupted altar of Lugonu.
  8095 | Abyss:1  | Noticed a large abomination
  8133 | Abyss:1  | Noticed a mana viper
  8140 | Abyss:1  | Noticed a deep troll
  8145 | Abyss:1  | a deep troll changed into a wolf spider
  8145 | Abyss:1  | Noticed a wolf spider (glowing shapeshifter)
  8148 | Abyss:1  | a wolf spider changed into a goliath frog
  8148 | Abyss:1  | Noticed a goliath frog (glowing shapeshifter)
  8148 | Abyss:1  | Noticed a bone dragon
  8149 | Abyss:1  | a goliath frog changed into an ettin
  8149 | Abyss:1  | Noticed an ettin (glowing shapeshifter)
  8159 | Abyss:1  | Demolished by an ettin (glowing shapeshifter)

Illustrated notes

Levels and vault maps discovered:
D:1:      dpeg_arrival_yet_another_circle, layout_basic, feat_on_display
D:2:      layout_loops_corners, hangedman_decor_diamond_cutter,
          roderic_roman_lattice
D:3:      layout_basic, elyvilon_altar_1, serial_shops, shop_statue, uniq_robin
D:4:      layout_basic, gup_ossuary_entry_pyramid, serial_undead,
          serial_undead_b, serial_undead_f, serial_undead_e, serial_undead_f
D:5:      layout_basic, serial_shops, shop_statue, uniq_grinder,
          uniq_blork_the_orc
D:6:      layout_loops_ring, minmay_temple_entry_sparse_star,
          nicolae_concentric_dashed_squares_wild
D:7:      layout_loops_cross, nicolae_vehumet_altar_sigil, uniq_joseph
D:8:      kennysheep_ambush_hall, layout_loops_ring,
          mainiacjoe_overflow_alcove_1, uniq_psyche
D:9:      cheibrodos_grave_circle, layout_long_grid, lair_entry_dummy,
          erik_orc_2, uniq_erica
Temple:   regret_index_temple_chain_breaker
Abyss:1:  base:
D:8

Skill      XL: |  1  2  3  4  5  6  7  8  9 10 11 |
---------------+----------------------------------+-----
Shields        | 3 4 5 6 7 8 |  8.0
Unarmed Combat | 3 4 5 6 8 10 11 | 11.7
Fighting       | 3 4 5 6 7 |  7.3
Dodging        | 3 5 |  5.3

Action                   |  1- 3 |  4- 6 |  7- 9 | 10-12 || total
-------------------------+-------+-------+-------+-------++-------
Melee: Unarmed           |   106 |   172 |   304 |   220 ||   802
Invok: Lunge             |       |       |    11 |    14 ||    25
       Whirlwind         |       |       |       |    12 ||    12
Evoke: Wand              |       |       |     7 |       ||     7
  Use: Scroll            |     5 |     1 |     2 |     1 ||     9
       Potion            |       |       |     5 |       ||     5
 Stab: Sleeping          |     1 |       |       |       ||     1
Armor: Robe              |    36 |    46 |    59 |       ||   141
       Steam dragon scal |       |       |     9 |    48 ||    57
       Troll leather arm |       |       |       |     7 ||     7
Dodge: Dodged            |    56 |    79 |   126 |   103 ||   364
Block: Kite shield       |    41 |    50 |   114 |    92 ||   297

Table legend: (Time is in decaauts)
 A = Elapsed time spent in this place.
 B = Non-inter-level travel time spent in this place.
 C = Inter-level travel time spent in this place.
 D = Time resting spent in this place.
 E = Time spent auto-exploring this place.
 F = Levels seen in this place.
 G = Mean time per level.
                   A        B        C        D        E       F      G
               +--------+--------+--------+--------+--------+-----+--------+
         Total |   8151 |   7811 |    340 |    348 |   5796 |  12 |  679.2 |
       Dungeon |   7609 |   7303 |    306 |    348 |   5574 |   9 |  845.4 |
        Temple |    158 |    124 |     34 |      0 |    107 |   1 |  158.0 |
         Abyss |    104 |    104 |      0 |      0 |      0 |   1 |  104.0 |
       Ossuary |    278 |    278 |      0 |      0 |    115 |   1 |  278.0 |
               +--------+--------+--------+--------+--------+-----+--------+

Top non-repeatable levels by time:
     D:3: 1146 daAuts
     D:2: 1135 daAuts
     D:4: 937 daAuts
     D:8: 900 daAuts
     D:1: 851 daAuts
     D:7: 843 daAuts
     D:6: 699 daAuts
     D:5: 623 daAuts
     D:9: 472 daAuts
 Ossuary: 278 daAuts
  Temple: 158 daAuts
 Abyss:1: 104 daAuts
